 Dungeon Crawl Stone Soup version 0.28-a0-586-gbdb9d174a4 (webtiles) character file.

Game seed: 1253174526301889921

11 Gargoyl the Skirmisher (level 2, -7/29 HPs)
             Began as a Gnoll Abyssal Knight on Oct 3, 2021.
             Was a Follower of Lugonu.
             Mangled by an entropy weaver (13 damage)
             ... on level 4 of the Abyss.
             The game lasted 00:00:44 (208 turns).

Gargoyl the Skirmisher (Gnoll Abyssal Knight)        Turns: 208, Time: 00:00:45

Health: -7/29      AC:  0    Str: 12    XL:     2   Next: 25%
Magic:  5/5        EV: 12    Int:  9    God:    Lugonu [*.....]
Gold:   73         SH:  0    Dex: 12    Spells: 1/1 levels left

rFire   . . .      SeeInvis .   a - +1 hand axe
rCold   . . .      Faith    .   (no shield)
rNeg    . . .      Spirit   .   b - +0 leather armour
rPois   .          Reflect  .   (no helmet)
rElec   .          Harm     .   (no cloak)
rCorr   .          Rampage  .   (no gloves)
Will    .....                   (no boots)
Stlth   +.........              (no amulet)
HPRegen 0.09/turn               (no ring)
MPRegen 0.09/turn               (no ring)

@: corroded
A: fangs 1, strong nose, distributed training
a: Renounce Religion, Depart the Abyss


You were on level 4 of the Abyss.
You worshipped Lugonu.
Lugonu was aware of your devotion.
You visited 0 branches of the dungeon, and saw 0 of its levels.
You visited the Abyss 1 time.

You collected 73 gold pieces.

Inventory:

Hand Weapons
 a - a +1 hand axe (weapon)
Armour
 b - a +0 leather armour (worn)


   Skills:
 + Level 6.4 Fighting
 + Level 0.3 Short Blades
 + Level 0.3 Long Blades
 + Level 4.4 Axes
 + Level 0.3 Maces & Flails
 + Level 0.3 Polearms
 + Level 0.3 Staves
 + Level 0.3 Slings
 + Level 0.3 Bows
 + Level 0.3 Crossbows
 + Level 0.3 Throwing
 + Level 4.4 Armour
 + Level 2.4 Dodging
 + Level 0.3 Stealth
 + Level 0.3 Shields
 + Level 0.3 Unarmed Combat
 + Level 0.3 Spellcasting
 + Level 0.2 Conjurations
 + Level 0.2 Hexes
 + Level 0.2 Summonings
 + Level 0.2 Necromancy
 + Level 0.2 Translocations
 + Level 0.2 Transmutations
 + Level 0.2 Fire Magic
 + Level 0.2 Ice Magic
 + Level 0.2 Air Magic
 + Level 0.2 Earth Magic
 + Level 0.2 Poison Magic
 + Level 4.5 Invocations
 + Level 0.3 Evocations


You had one spell level left.
You didn't know any spells.
Your spell library contained the following spells:

 Spells                   Type           Power      Damage    Failure   Level
 Passwall                 Tmut/Erth      0%         N/A       56%         2
 Swiftness                Air            0%         N/A       80%         3
 Invisibility             Hex            0%         N/A       100%        6


Dungeon Overview and Level Annotations

Branches:
Dungeon (0/15)

Altars:


Innate Abilities, Weirdness & Mutations

You have very sharp teeth.
Your uncanny sense of smell can sniff out nearby items.
Your experience applies equally to all skills.


Message History

You kill the ufetubus!
You have reached level 2!
You now have 24 gold pieces.
Found 24 gold pieces.
You now have 48 gold pieces (gained 24).
HP restored.
A rakshasa comes into view. It is wielding a +0 whip.
Found a book of Burglary.
Found a gateway leading deeper into the Abyss.
You pick up a book of Burglary and begin reading...
You add the spells Passwall, Swiftness and Invisibility to your library.
There is a gateway leading deeper into the Abyss here.
You plunge deeper into the Abyss.
The abyssal rune of Zot can be found at this depth.
Found a scimitar.
Found a scroll of noise and 25 gold pieces.
Found a gateway leading deeper into the Abyss.
Found a gateway leading out of the Abyss.
You see here a +0 scimitar.
You see here a scroll of noise.
You now have 73 gold pieces (gained 25).
There is a gateway leading deeper into the Abyss here.
You plunge deeper into the Abyss.
The abyssal rune of Zot can be found at this depth.
Found a hand crossbow.
An entropy weaver comes into view.
The entropy weaver shouts!
You hear a shout!
As you read the scroll labelled NEQEUQ JOUDD, it crumbles to dust.
You speak a Word of immense power!
It was a scroll of holy word.
An apocalypse crab comes into view.
The entropy weaver casts a spell at you.
The entropic weave corrodes you!
An ancient zyme comes into view.
You feel yourself growing ill in the presence of the ancient zyme.
The ancient zyme hits you! The ancient zyme barely misses you.
The entropy weaver hits you!
Ouch! That really hurt!
* * * LOW HITPOINT WARNING * * *
The entropy weaver hits you!
You die...

#..# # # . .t# #
. ... .#B. .# ..
. . . ###.#. ##)
##. #..###. #.
.## .. #..#.##
#. B# # . #
#..####.#. .#.#
. #.#
#xB#######.# #
.# #@#..##..#
##.#
#..#.#.##.##...#
# #
...###..t.....
## #..##
#...##.##. #
...#
#...###.##..#
###. ##### # ##
# . ### #


You could see an entropy weaver and an ancient zyme.

Vanquished Creatures
  2 ufetubi (Abyss:2)
2 creatures vanquished.

Notes
Turn   | Place    | Note
-------+----------+-------------------------------------------
     0 | Abyss:1  | Gargoyl the Gnoll Abyssal Knight began the quest for the
                  | Orb.
     0 | Abyss:1  | Reached XP level 1. HP: 23/23 MP: 3/3
    30 | Abyss:2  | Found a corrupted altar of Lugonu.
    70 | Abyss:2  | Reached XP level 2. HP: 25/29 MP: 5/5
   123 | Abyss:2  | Noticed a rakshasa
   190 | Abyss:4  | Noticed an entropy weaver
   191 | Abyss:4  | Noticed an apocalypse crab
   207 | Abyss:4  | Noticed an ancient zyme
   208 | Abyss:4  | Mangled by an entropy weaver

Illustrated notes

Levels and vault maps discovered:
Abyss:4:  base: Temple, base: Temple, nicolae_abyss_rune_left_handed

Action                   || total
-------------------------++-------
Melee: Hand axe          ||     6
  Use: Scroll            ||     3
Armor: Leather armour    ||     5
Dodge: Dodged            ||     7

Table legend: (Time is in decaauts)
 A = Elapsed time spent in this place.
 B = Non-inter-level travel time spent in this place.
 C = Inter-level travel time spent in this place.
 D = Time resting spent in this place.
 E = Time spent auto-exploring this place.
 F = Levels seen in this place.
 G = Mean time per level.
                   A        B        C        D        E       F      G
               +--------+--------+--------+--------+--------+-----+--------+
         Total |    207 |    207 |      0 |      0 |    109 |   4 |   51.8 |
         Abyss |    207 |    207 |      0 |      0 |    109 |   4 |   51.8 |
               +--------+--------+--------+--------+--------+-----+--------+

Top non-repeatable levels by time:
 Abyss:2: 106 daAuts
 Abyss:4: 59 daAuts
 Abyss:1: 30 daAuts
 Abyss:3: 11 daAuts
